 Dungeon Crawl Stone Soup version 0.28.0-43-g3370ac3207 (webtiles) character file.

Game seed: 14043934575060404625

52 issech the Cudgeller (level 3, 0/36 HPs)
             Began as a Troll Monk on Mar 14, 2022.
             Slain by an orc
             ... wielding a +0 short sword
              (3 damage)
             ... on level 2 of the Dungeon.
             The game lasted 00:06:13 (1582 turns).

issech the Cudgeller (Troll Monk)                   Turns: 1582, Time: 00:06:14

Health: 0/36       AC:  4    Str: 19    XL:     3   Next: 60%
Magic:  2/2        EV: 10    Int:  6    God:
Gold:   16         SH:  0    Dex: 14    Spells: 2/2 levels left

rFire   . . .      SeeInvis .   a - +0 mace
rCold   . . .      Faith    .   (no shield)
rNeg    . . .      Spirit   .   b - +0 robe
rPois   .          Reflect  .   (helmet restricted)
rElec   .          Harm     .   (no cloak)
rCorr   .          Rampage  .   (gloves unavailable)
Will    .....                   (boots unavailable)
Stlth   ++........              (no amulet)
HPRegen 0.92/turn               (no ring)
MPRegen 0.08/turn               (no ring)

@: no status effects
A: large, unfitting armour, claws 3, regeneration 1, shaggy fur 1, tough skin 1
a: no special abilities


You were on level 2 of the Dungeon.
You visited 1 branch of the dungeon, and saw 3 of its levels.

You collected 42 gold pieces.
You spent 26 gold pieces at shops.

Inventory:

Hand Weapons
 a - a +0 mace (weapon)
Missiles
 c - 61 stones (quivered)
 p - a throwing net
 r - 18 arrows
Armour
 b - a +0 robe (worn)
Magical Staves
 m - a staff of cold
Jewellery
 o - a ring of resist corrosion
Wands
 l - a wand of iceblast (13)
Scrolls
 d - a scroll of vulnerability
 f - a scroll of fog {unknown}
 h - a scroll of noise
 i - a scroll of amnesia
 k - a scroll of teleportation
Potions
 e - a potion of flight {unknown}
 g - a potion of attraction {unknown}
 j - 3 potions of lignification {unknown}
 n - a potion of haste {unknown}
 q - a potion of might {unknown}


   Skills:
 + Level 2.9 Fighting
 + Level 3.1 Maces & Flails
 + Level 2.9 Dodging
 + Level 1.2 Stealth


You had 2 spell levels left.
You didn't know any spells.
Your spell library contained the following spells:

 Spells                   Type           Power      Damage    Failure   Level
 Ensorcelled Hibernation  Hex/Ice        0%         N/A       58%         2
 Ozocubu's Armour         Ice            0%         N/A       83%         3
 Spider Form              Tmut/Pois      0%         N/A       83%         3
 Anguish                  Hex/Necr       0%         N/A       99%         4
 Petrify                  Tmut/Erth      0%         N/A       99%         4
 Dragon Form              Tmut           0%         N/A       100%        7


Dungeon Overview and Level Annotations

Branches:
Dungeon (3/15)

Altars:

Shops:
D:2 ?*=


Innate Abilities, Weirdness & Mutations

You are too large for most types of armour.
You have claws for hands.
Your natural rate of healing is unusually fast.
You are covered in fur. (AC +1)
You have tough skin. (AC +1)


Message History

The orc wizard hits you but does no damage.
You closely miss the orc. The orc hits you but does no damage.
The orc wizard barely misses you.
Unknown command.
You hit the orc but do no damage. The orc hits you with a +0 short sword.
The orc wizard points at you and mumbles some strange words.
The magic dart hits you. The orc hits you but does no damage.
You barely miss the orc. The orc wizard casts a spell at you.
The puff of flame hits you!
* * * LOW HITPOINT WARNING * * *
The orc barely misses you.
You bump into the rock wall.
The orc wizard points at you and mumbles some strange words.
You resist with significant effort. The orc barely misses you.
You bump into the rock wall.
The orc wizard hits you with a +0 dagger.
* * * LOW HITPOINT WARNING * * *
The orc hits you with a +0 short sword.
* * * LOW HITPOINT WARNING * * *
Unknown command.
You closely miss the orc.
You feel less confused.
The orc wizard hits you but does no damage.
The orc barely misses you.
The orc wizard hits you with a +0 dagger.
* * * LOW HITPOINT WARNING * * *
You closely miss the orc wizard.
The orc wizard is heavily wounded.
The orc barely misses you.
The orc wizard casts a spell.
The orc wizard flickers and vanishes!
Deactivating autopickup; reactivate with Ctrl-A.
You barely miss something. The orc hits you but does no damage.
Something hits you.
* * * LOW HITPOINT WARNING * * *
Unknown command.
You closely miss something. The orc hits you but does no damage.
Something hits you but does no damage. The orc hits you with a +0 short sword.
You die...

# #.##......#..........# #
#.##.########........## #
#.##.# #.............# #
#.##.## #.###....#....##
####.....# #.#
#.#.###....## .......#.#
#.# #.#.###.....##
######...# #.#
#....).......##### ##.##
#.# #o#.............∩. #.#
#.# #@#.##.......##### #.#
#.# #{#.###.....## # #.#
#.# #...# ##...## # #.# #.#
##..# ##.## #
#.####.####..#####.########
#..........................
##########...###.##########
#...##..# # #...#≈.≈## #


You could see an orc.

Vanquished Creatures
  A worm (D:2)
  3 dart slugs
  4 bats
  An endoplasm (D:2)
  A giant cockroach (D:1)
  5 goblins
  4 hobgoblins
  4 jackals (D:1)
  4 kobolds
  3 quokkas
  4 ball pythons (D:1)
  A frilled lizard (D:1)
  4 rats
39 creatures vanquished.

Notes
Turn   | Place    | Note
-------+----------+-------------------------------------------
     0 | D:1      | issech the Troll Monk began the quest for the Orb.
     0 | D:1      | Reached XP level 1. HP: 22/22 MP: 0/0
   163 | D:1      | Reached XP level 2. HP: 26/29 MP: 1/1
   360 | D:1      | Reached skill level 3 in Maces & Flails
   610 | D:1      | Reached XP level 3. HP: 33/36 MP: 2/2
   917 | D:2      | Found Rodow's General Store.
   952 | D:2      | Bought a scroll of identify for 26 gold pieces
  1007 | D:2      | Found Geplug's Magic Scroll Emporium.
  1342 | D:2      | Found Ganoelao's Jewellery Shop.
  1541 | D:3      | Got Huaclu's Collected Works on Ice and Transmigration
  1582 | D:2      | Slain by an orc

Illustrated notes

Levels and vault maps discovered:
D:1:      heliophobic_arrival_dark_side_of_the_moon, layout_basic,
          minmay_close_crescents
D:2:      layout_loops_ring, serial_shops, nicolae_square_shop, shop,
          nicolae_shop_waterfront, minmay_misc_feat_alley
D:3:      layout_rooms, minmay_misc_feat_hallway, uniq_ijyb, uniq_jessica

Skill      XL: |  1  2 |
---------------+-------+-----
Maces & Flails | 3 |  3.1
Fighting       | |  2.9
Dodging        | |  2.9
Stealth        | |  1.2

Action                   || total
-------------------------++-------
Melee: Mace              ||   140
  Use: Scroll            ||     4
 Stab: Sleeping          ||     3
Armor: Robe              ||    60
Dodge: Dodged            ||    90
